 Dungeon Crawl Stone Soup version 0.29.1-12-g30fa7ad0bf (webtiles) character file.

Game seed: 4407134711102380136

69 javelincjr the Poker (level 4, -16/34 HPs)
             Began as a Gnoll Wanderer on Jan 17, 2023.
             Killed by an exploding goblin (37 damage)
             ... ignited by their inner flame
             ... on level 2 of the Dungeon on Jan 18, 2023.
             The game lasted 00:04:53 (1387 turns).

javelincjr the Poker (Gnoll Wanderer)               Turns: 1387, Time: 00:04:54

Health: -16/34     AC:  6    Str: 13    XL:     4   Next: 20%
Magic:  8/8        EV:  8    Int: 10    God:
Gold:   30         SH:  5    Dex: 13    Spells: 8/9 levels left

rFire   . . .      SeeInvis .   a - +2 spear
rCold   . . .      Faith    .   b - +0 buckler
rNeg    . . .      Spirit   .   h - +0 scale mail
rPois   .          Reflect  .   (no helmet)
rElec   .          Harm     .   (no cloak)
rCorr   .          Rampage  .   (no gloves)
Will    .....                   (no boots)
Stlth   ..........              (no amulet)
HPRegen 0.11/turn               (no ring)
MPRegen 0.11/turn               (no ring)

@: no status effects
A: fangs 1, strong nose, distributed training
a: no special abilities


You were on level 2 of the Dungeon.
You visited 1 branch of the dungeon, and saw 2 of its levels.

You collected 30 gold pieces.

Inventory:

Hand Weapons
 a - a +2 spear (weapon)
Armour
 b - a +0 buckler (worn)
 d - a +0 leather armour
 h - a +0 scale mail (worn)
Scrolls
 e - a scroll of immolation
 g - 3 scrolls of identify {unknown}
Potions
 c - a potion of haste
 f - a potion of degeneration {unknown}
 i - 2 potions of heal wounds {unknown}
 j - a potion of might {unknown}
 k - a potion of berserk rage {unknown}


   Skills:
 + Level 2.7 Fighting
 + Level 1.1 Short Blades
 + Level 1.1 Long Blades
 + Level 1.1 Axes
 + Level 1.1 Maces & Flails
 + Level 6.6 Polearms
 + Level 1.1 Staves
 + Level 1.1 Ranged Weapons
 + Level 1.1 Throwing
 + Level 1.1 Armour
 + Level 1.1 Dodging
 + Level 1.1 Stealth
 + Level 4.6 Shields
 + Level 1.1 Unarmed Combat
 + Level 3.0 Spellcasting
 + Level 0.8 Conjurations
 + Level 0.8 Hexes
 + Level 0.8 Summonings
 + Level 0.8 Necromancy
 + Level 0.8 Translocations
 + Level 0.8 Transmutations
 + Level 0.8 Fire Magic
 + Level 0.8 Ice Magic
 + Level 0.8 Air Magic
 + Level 5.4 Earth Magic
 + Level 0.8 Poison Magic
 + Level 1.2 Invocations
 + Level 1.1 Evocations


You had 8 spell levels left.
You knew the following spells:

 Your Spells              Type           Power      Damage    Failure   Level
a - Sandblast             Erth           24%        2d8       19%         1

Your spell library contained the following spells:

 Spells                   Type           Power      Damage    Failure   Level
 Stone Arrow              Conj/Erth      14%        3d7       80%         3


Dungeon Overview and Level Annotations

Branches:
Dungeon (2/15)

Altars:

Annotations:
D:2 Robin


Innate Abilities, Weirdness & Mutations

You have very sharp teeth.
Your uncanny sense of smell can sniff out nearby items.
Your experience applies equally to all skills.


Message History

The goblin attacks as you move away! The goblin hits you but does no damage.
The goblin closely misses you. The hobgoblin hits you.
You block the goblin's attack.
You see here 6 stones.
The hobgoblin attacks as you move away!
The hobgoblin hits you but does no damage.
The goblin hits you with a +0 club. The goblin attacks as you move away!
You block the goblin's attack. Robin throws the goblin at you!
The goblin hits you but does no damage.
There is a stone staircase leading down here.
You barely miss the goblin. The goblin hits you but does no damage.
The goblin barely misses you.
You barely miss the goblin. You completely miss the goblin.
You bite the goblin.
The goblin is heavily wounded.
The goblin hits you but does no damage. You block the goblin's attack.
You barely miss the goblin.
The goblin is heavily wounded.
You hit the goblin.
The goblin is moderately wounded.
Robin throws the goblin at you! The goblin barely misses you.
The goblin hits you but does no damage. x2
As you read the scroll labelled IFEARPH SYUZ, it crumbles to dust.
The creatures around you are filled with an inner flame!
It was a scroll of immolation.
The hobgoblin no longer looks unusually strong.
Robin roars a battlecry!
The hobgoblin goes into a battle-frenzy!
The goblin barely misses you. The goblin hits you with a +0 dagger.
A goblin comes into view. It is wielding a +0 dagger.
You block the goblin's attack. The goblin completely misses you.
The goblin shouts!
Okay, then.
You hit the goblin.
The goblin explodes!
The fiery explosion engulfs the goblin!!
The fiery explosion engulfs you!!!
Ouch! That really hurt!
You die...

#.............##.)..##...#
#.............##..g.......
#.....#+#####.............
#######.#.#####..g..........
.............##gg..g........
.......##.##.##gg.###.......
....... #.##.##g### .....!.
....... #.##.#gg# .......
....... ..##.§@## ####+##
....... ######)# ....... #§#
....... #.# #.# #.# #.# #.#
#.#


You could see Robin (inner flame), 3 hobgoblins and 5 goblins.

Vanquished Creatures
  2 adders (D:2)
  An endoplasm (D:2)
  4 giant cockroaches (D:1)
  5 goblins
  5 hobgoblins
  5 jackals (D:1)
  3 kobolds (D:1)
  2 quokkas
  3 ball pythons (D:1)
  9 bats
  A frilled lizard (D:1)
  9 rats
49 creatures vanquished.

Notes
Turn   | Place    | Note
-------+----------+-------------------------------------------
     0 | D:1      | javelincjr the Gnoll Wanderer began the quest for the Orb.
     0 | D:1      | javelincjr set off with the following items: a +2 spear, a
                  | +0 buckler, a potion of haste, a +0 leather armour; and the
                  | following spell memorised: Sandblast; and the following
                  | spells available to memorise: Stone Arrow.
     0 | D:1      | Reached XP level 1. HP: 17/17 MP: 4/4
   183 | D:1      | Reached XP level 2. HP: 21/23 MP: 5/5
   221 | D:1      | Found a faded altar of an unknown god.
   521 | D:1      | Reached XP level 3. HP: 26/28 MP: 7/7
   616 | D:1      | Reached skill level 1 in Invocations
   994 | D:2      | Reached skill level 1 in Short Blades
   994 | D:2      | Reached skill level 1 in Long Blades
   994 | D:2      | Reached skill level 1 in Axes
   994 | D:2      | Reached skill level 1 in Maces & Flails
   994 | D:2      | Reached skill level 1 in Staves
   994 | D:2      | Reached skill level 1 in Ranged Weapons
   994 | D:2      | Reached skill level 1 in Throwing
   994 | D:2      | Reached skill level 1 in Armour
   994 | D:2      | Reached skill level 1 in Dodging
   994 | D:2      | Reached skill level 1 in Stealth
   994 | D:2      | Reached skill level 1 in Unarmed Combat
   994 | D:2      | Reached skill level 1 in Evocations
  1147 | D:2      | Reached XP level 4. HP: 30/34 MP: 8/8
  1369 | D:2      | Noticed Robin
  1387 | D:2      | Killed by an exploding goblin... ignited by their inner
                  | flame

Illustrated notes

Levels and vault maps discovered:
D:1:      dpeg_arrival_simpleton_c, layout_basic,
          dreamdust_ecumenical_altar_statues, hangedman_abyss_or_decor_stabs
D:2:      layout_basic, uniq_robin, uniq_sigmund

Skill      XL: |  1  2  3 |
---------------+----------+-----
Invocations    | 1 |  1.2
Short Blades   | 1 |  1.1
Long Blades    | 1 |  1.1
Axes           | 1 |  1.1
Maces & Flails | 1 |  1.1
Staves         | 1 |  1.1
Ranged Weapons | 1 |  1.1
Throwing       | 1 |  1.1
Armour         | 1 |  1.1
Dodging        | 1 |  1.1
Stealth        | 1 |  1.1
Unarmed Combat | 1 |  1.1
Evocations     | 1 |  1.1
Spellcasting   | 3 |  3.0
Fighting       | |  2.7
Polearms       | |  6.6
Shields        | |  4.6
Conjurations   | |  0.8
Hexes          | |  0.8
Summonings     | |  0.8
Necromancy     | |  0.8
Translocations | |  0.8
Transmutations | |  0.8
Fire Magic     | |  0.8
Ice Magic      | |  0.8
Air Magic      | |  0.8
Earth Magic    | |  5.4
Poison Magic   | |  0.8

Action                   |  1- 3 |  4- 6 || total
-------------------------+-------+-------++-------
Melee: Spear             |    99 |    14 ||   113
       Bite              |     6 |     1 ||     7
 Cast: Sandblast         |       |     1 ||     1
  Use: Scroll            |       |     1 ||     1
 Stab: Sleeping          |     1 |       ||     1
Armor: Leather armour    |     3 |       ||     3
       Scale mail        |    24 |    12 ||    36
Dodge: Dodged            |    22 |     7 ||    29
Block: Buckler           |    12 |     9 ||    21
